 Dungeon Crawl Stone Soup version 0.31-a0-233-g139696dc86 (webtiles) character file.

Game seed: 10880245756190188852

279 olmar the Covered (level 6, -1/54 HPs)
             Began as an Armataur Fighter on July 8, 2023.
             Slain by Sigmund
             ... wielding a +0 scythe
              (4 damage)
             ... on level 4 of the Dungeon.
             The game lasted 00:04:00 (2709 turns).

olmar the Covered (Armataur Fighter)                Turns: 2709, Time: 00:04:00

Health: -1/54      AC:  8    Str: 17 (23) XL:     6   Next: 5%
Magic:  6/6        EV:  7    Int:  8 (14) God:
Gold:   151        SH:  3    Dex:  4 (10) Spells: 5/5 levels left

rFire   . . .        a - +0 flail
rCold   + . .        c - +0 buckler
rNeg    . . .        b - +0 scale mail
rPois   .            f - +0 helmet
rElec   .            (no cloak)
rCorr   .            (no gloves)
SInv    .            (no barding)
Will    .....        (no amulet) Stlth
                     r - +6 ring of intelligence
HPRegen 0.29/turn    s - ring of protection from cold
MPRegen 0.10/turn

%: roll
@: no status effects
A: large, rugged brown scales 3, deformed body, armoured tail, roll, long
tongue, awkward tongue
a: no special abilities


You were on level 4 of the Dungeon.
You visited 1 branch of the dungeon, and saw 4 of its levels.

You collected 151 gold pieces.

Inventory:

Hand Weapons
 a - a +0 flail (weapon)
Missiles
 h - 3 poisoned darts (quivered)
Armour
 b - a +0 scale mail (worn)
 c - a +0 buckler (worn)
 f - a +0 helmet (worn)
 m - a +0 chain mail
Jewellery
 r - a +6 ring of intelligence (left hand)
 s - a ring of protection from cold (right hand)
Wands
 d - a wand of flame (17)
Scrolls
 e - a scroll of revelation
 g - 2 scrolls of immolation
 k - 2 scrolls of identify
 l - a scroll of fear {unknown}
 o - 2 scrolls of teleportation {unknown}
 q - a scroll of torment {unknown}
 t - a scroll of poison {unknown}
Potions
 n - a potion of magic


   Skills:
 + Level 3.6 Fighting
 + Level 4.1 Maces & Flails
 + Level 5.0 Armour
 - Level 0.2 Dodging
 - Level 0.1 Stealth
 + Level 3.8 Shields


You had 5 spell levels left.
You didn't know any spells.
Your spell library contained the following spells:

 Spells                   Type           Power      Damage    Failure   Level
 Sandblast                Erth           0%         2d4       87%         1
 Passwall                 Tmut/Erth      0%         N/A       95%         2
 Stone Arrow              Conj/Erth      0%         3d7       99%         3


Dungeon Overview and Level Annotations

Branches:
Dungeon (4/15)
 Temple: D:4-7

Altars:
Ashenzari
Uskayaw

Shops:
D:2 *

Annotations:
D:3 2 transporters
D:4 Sigmund


Innate Abilities, Weirdness & Mutations

You are completely covered in rugged brown scales. (AC +3, +7% HP)
Armour fits poorly on your strangely shaped body.
You have a long armoured tail.
You roll when moving toward enemies. (Rampage)
Your long tongue fully drains potion bottles. (2x potion effects)
Your tongue gives you trouble enunciating. (1.5x scroll delay)


Message History

Okay, then.
Something hits you!
* * * LOW HITPOINT WARNING * * *
Unknown command.
Unknown command.
Are you sure you want to stumble around while confused and next to your goblin?
You hit your goblin.
You kill your goblin!
Your goblin's corpse dissolves into shadows!
Something hits you.
* * * LOW HITPOINT WARNING * * *
Unknown command.
Are you sure you want to stumble around while confused and next to your goblin?
You miss something.
Sigmund appears from thin air!
Reactivating autopickup.
Your goblin hits Sigmund with a +0 club.
Unknown command.
Are you sure you want to stumble around while confused and next to your goblin?
Okay, then.
Are you sure you want to stumble around while confused and next to your goblin?
Your goblin hits Sigmund with a +0 club.
Sigmund says, "Now you see me, now you don't..."
Sigmund hits you from afar with a +0 scythe!
* * * LOW HITPOINT WARNING * * *
Unknown command.
Are you sure you want to stumble around while confused and next to your goblin?
Okay, then.
Are you sure you want to stumble around while confused and next to your goblin?
Okay, then.
Unknown command.
Are you sure you want to stumble around while confused and next to your goblin?
You're too confused to move!
You feel less confused.
Your goblin hits Sigmund but does no damage.
Sigmund points at you and mumbles some strange words.
Your goblin resists with significant effort.
Unknown command.
Your goblin closely misses Sigmund.
Sigmund hits you from afar with a +0 scythe.
You die...

#.§§#._.###.#
#♣.R#...#..##
#~♣♣#...#.##
#♣§♣#...##.##
♣y#...#SN.#
♣F♣#§§§##S##
#.♣♣#§§@#§S#
#. ♣#§g§#S≈#
##@§§####
##)## #..#
...## ....#
#..... ...$#.
...## ###


You could see an eleionoma, a vampire mosquito, Sigmund (ally target) and a
friendly goblin (summoned).

Vanquished Creatures
  An iguana (D:4)
  Jessica (D:2)
  Natasha (thrice) (D:3)
  Robin (D:2)
  4 gnolls (D:3)
  2 adders (D:3)
  3 worms
  An orc (D:3)
  7 ball pythons
  7 endoplasms
  2 giant cockroaches
  8 goblins
  8 hobgoblins
  A quokka (D:3)
  8 bats
  2 frilled lizards
  3 kobolds
  9 rats
71 creatures vanquished.

Vanquished Creatures (collateral kills)
  A gnoll (D:4)
1 creature vanquished.

Grand Total: 72 creatures vanquished

Notes
Turn   | Place    | Note
-------+----------+-------------------------------------------
     0 | D:1      | olmar the Armataur Fighter began the quest for the Orb.
     0 | D:1      | Reached XP level 1. HP: 19/19 MP: 1/1
    77 | D:1      | Reached XP level 2. HP: 25/26 MP: 2/2
   154 | D:1      | Reached skill level 4 in Armour
   664 | D:2      | Reached XP level 3. HP: 27/33 MP: 3/3
   862 | D:2      | Found Moydes's Assorted Antiques.
   942 | D:2      | Noticed Jessica
   960 | D:2      | Killed Jessica
   961 | D:2      | Reached XP level 4. HP: 27/40 MP: 4/4
  1146 | D:2      | Noticed Robin
  1170 | D:2      | Killed Robin
  1779 | D:3      | Noticed a black bear
  1780 | D:3      | Found a hide-covered altar of Uskayaw.
  1781 | D:3      | Found a transporter.
  1792 | D:3      | Found a transporter.
  1849 | D:3      | Noticed Natasha
  1855 | D:3      | Killed Natasha
  1913 | D:3      | Noticed Natasha
  1922 | D:3      | Killed Natasha
  1923 | D:3      | Reached XP level 5. HP: 36/48 MP: 5/5
  1978 | D:3      | Noticed Natasha
  1982 | D:3      | Killed Natasha
  2643 | D:4      | Found a broken altar of Ashenzari.
  2647 | D:4      | Saw a vision of the Swamp and the Snake Pit.
  2647 | D:4      | Noticed an anaconda
  2647 | D:4      | Noticed an eleionoma
  2647 | D:4      | Noticed a spriggan druid
  2647 | D:4      | Noticed a vampire mosquito
  2647 | D:4      | Noticed a naga
  2647 | D:4      | Noticed a black mamba
  2647 | D:4      | Noticed a guardian serpent
  2647 | D:4      | Noticed an eleionoma
  2648 | D:4      | Noticed a naga mage
  2648 | D:4      | Noticed a goliath frog
  2650 | D:4      | Noticed a black mamba
  2664 | D:4      | Reached skill level 5 in Armour
  2664 | D:4      | Reached XP level 6. HP: 54/54 MP: 6/6
  2665 | D:4      | Noticed Sigmund
  2707 | D:4      | HP: 2/54 [Sigmund/+0 scythe (7)]
  2709 | D:4      | Slain by Sigmund

Illustrated notes

Levels and vault maps discovered:
D:1:      psy_arrival_conway, layout_rooms, minmay_misc_feat_plants
D:2:      layout_loops_corners, serial_shops, shop, chequers_garden,
          minmay_misc_feat_nine_boxes, kennysheep_doodads, minmay_tetromino_s2,
          uniq_jessica, uniq_robin
D:3:      layout_loops_cross, gammafunk_temple_overflow_arena, uniq_natasha
D:4:      layout_loops_ring, amcnicky_altar_gilded, grunt_ashenzari_visionary
          [grunt_ashenzari_visionary_swamp, grunt_ashenzari_visionary_snake],
          uniq_menkaure, uniq_sigmund

Skill      XL: |  1  2  3  4  5 |
---------------+----------------+-----
Armour         | 4 5 |  5.0
Fighting       | 3 |  3.6
Maces & Flails | 2 3 4 |  4.1
Dodging        | |  0.2
Stealth        | |  0.1
Shields        | |  3.8

Action                     |  1- 3 |  4- 6 || total
---------------------------+-------+-------++-------
  Melee: Flail             |   103 |   102 ||   205
         Tailslap          |     4 |     9 ||    13
  Throw: Dart              |     4 |     3 ||     7
    Use: Scroll            |     3 |     3 ||     6
         Potion            |     1 |     7 ||     8
 Armour: Scale mail        |    62 |    48 ||   110
         Skin              |       |    30 ||    30
  Dodge: Dodged            |    45 |    43 ||    88
  Block: Buckler           |    12 |    23 ||    35

Table legend: (Time is in decaauts)
 A = Elapsed time spent in this place.
 B = Non-inter-level travel time spent in this place.
 C = Inter-level travel time spent in this place.
 D = Time resting spent in this place.
 E = Time spent auto-exploring this place.
 F = Levels seen in this place.
 G = Mean time per level.
                   A        B        C        D        E       F      G
               +--------+--------+--------+--------+--------+-----+--------+
         Total |   2780 |   2640 |    140 |    147 |   1925 |   4 |  695.0 |
       Dungeon |   2780 |   2640 |    140 |    147 |   1925 |   4 |  695.0 |
               +--------+--------+--------+--------+--------+-----+--------+

Top non-repeatable levels by time:
     D:2: 1144 daAuts
     D:3: 939 daAuts
     D:1: 614 daAuts
     D:4: 82 daAuts
